 Dungeon Crawl Stone Soup version 0.23-a0-650-ga4d50d4 (webtiles) character file.

1187 JimmyWheeler the Sneak (level 8, 0/37 HPs)
             Began as a Spriggan Enchanter on Jan 4, 2019.
             Slain by an orc
             ... wielding a +5 dagger
              (7 damage)
             ... on level 5 of the Dungeon.
             The game lasted 00:58:25 (5688 turns).

JimmyWheeler the Sneak (Spriggan Enchanter)         Turns: 5688, Time: 00:58:26

Health: 0/37       AC:  2    Str:  5    XL:     8   Next: 19%
Magic:  3/15       EV: 21    Int: 17    God:
Gold:   275        SH:  0    Dex: 17    Spells: 6/15 levels left

rFire    . . .     SeeInvis +   a - +1 dagger
rCold    . . .     Gourm    .   (shield restricted)
rNeg     . . .     Faith    .   b - +0 robe
rPois    .         Spirit   .   (helmet restricted)
rElec    .         Reflect  .   (no cloak)
rCorr    .         Harm     .   (gloves unavailable)
MR       +....                  (boots unavailable)
Stlth    ++........             (no amulet)
HPRegen  0.12/turn              (no ring)
MPRegen  0.14/turn              (no ring)

@: confused, very quick
A: very small, unfitting armour, see invisible, herbivore, speed 3, slow
metabolism 2
a: no special abilities


You were on level 5 of the Dungeon.
You were not hungry.

You visited 1 branch of the dungeon, and saw 5 of its levels.

You collected 275 gold pieces.

Inventory:

Hand Weapons
 a - a +1 dagger (weapon)
Armour
 b - a +0 robe (worn)
 s - a scarf of spirit shield
 v - a +0 buckler
Jewellery
 y - a +1 ring of protection {unknown}
Wands
 t - a wand of flame (27)
Scrolls
 f - 6 scrolls of remove curse
 k - 2 scrolls of amnesia
 l - 3 scrolls of identify
 o - a scroll of blinking {unknown}
 p - 3 scrolls of noise
 q - 2 scrolls of immolation
 r - 2 scrolls of magic mapping
 u - a scroll of enchant armour {unknown}
 w - a scroll of random uselessness {unknown}
Potions
 c - a potion of resistance {unknown}
 e - 2 potions of cancellation {unknown}
 g - a potion of heal wounds {unknown}
 h - 2 potions of might
 i - 2 potions of mutation {unknown}
 j - 2 potions of curing {unknown}
 m - a potion of degeneration {unknown}
 n - 2 potions of magic {unknown}
 x - a potion of ambrosia {unknown}
Comestibles
 d - 7 rations


   Skills:
 - Level 1.2 Fighting
 + Level 4.8 Short Blades
 + Level 5.4 Dodging
 + Level 7.5 Stealth
 - Level 4.3 Spellcasting
 * Level 6.7 Hexes
 - Level 2.5 Ice Magic
 * Level 2.3 Evocations


You had 6 spell levels left.
You knew the following spells:

 Your Spells              Type           Power        Failure   Level  Hunger
a - Corona                Hex            ####...      1%          1    None
b - Ensorcelled Hibernat  Hex/Ice        ###...       3%          2    ##.....
c - Confuse               Hex            ####....     3%          3    ###....
d - Tukima's Dance        Hex            ####....     3%          3    ###....

Your spell library contained the following spells:

 Spells                   Type           Power        Failure   Level  Hunger
 Dazzling Spray           Conj/Hex       ###...       12%         3    ###....
 Beastly Appendage        Tmut           #.....       16%         1    None
 Sticks to Snakes         Tmut           #.......     24%         2    ##.....
 Spider Form              Tmut/Pois      #.........   43%         3    ###....
 Ice Form                 Ice/Tmut       #.......     65%         4    ####...
 Blade Hands              Tmut           #.........   99%         5    ######.


Dungeon Overview and Level Annotations

Branches:
Dungeon (5/15)
 Temple: D:4-7

Altars:
Yredelemnul

Annotations:
D:5 Grinder


Innate Abilities, Weirdness & Mutations

You are very small and have problems with some larger weapons.
You are too small for most types of armour.
You have supernaturally acute eyesight. (SInv)
You are a herbivore.
You cover ground extremely quickly.
You need to consume almost no food.


Message History

The orc priest shouts!
The orc priest looks drowsy...
The helpless orc priest fails to defend itself.
You spit the orc priest like a pig!!!
You kill the orc priest!
The orc shouts!
The orc wizard shouts!
The orc priest mumbles some strange prayers to Beogh against you.
Beogh smites you! The orc closely misses you.
The orc wizard points at you and mumbles some strange words.
You are confused.
The orc hits you with a +5 dagger.
The orc wizard gestures at you while chanting.
The magic dart hits you!
The orc priest looks satisfied for a moment.
The orc barely misses you.
The orc wizard gestures at you while chanting.
The magic dart hits you!
* * * LOW HITPOINT WARNING * * *
You bump into the rock wall.
The orc hits you with a +5 dagger!
You die...

########.# #.....
##.....#..# #.....
##........## #.....
#.........# #.....
#(........# ......
#.........# .#....
#.........# ##...
#.........#################
##....o..o@................
#.........#################
#..>....oo# #.....<...#
#.........# .........#
#.......## ##.....## ######


You could see an orc priest, 2 orc wizards and an orc.

Vanquished Creatures
  An ice beast (D:5)
  An ogre (D:4)
  A bullfrog (D:5)
  3 howler monkeys
  A crimson imp (D:5)
  A jelly (D:5)
  4 orc priests
  3 iguanas
  Natasha (thrice) (D:4)
  6 orc wizards
  3 worker ants
  7 gnolls (D:2)
  9 adders
  A shadow imp (D:5)
  7 worms
  4 dart slugs
  8 leopard geckos
  10 orcs
  4 giant cockroaches
  A hobgoblin (D:2)
  12 jackals
  5 kobolds
  3 quokkas
  2 ball pythons
  4 bats
  A frilled lizard (D:1)
  11 goblins
  2 quokka skeletons
  11 rats
  A spectral orc (D:3)
130 creatures vanquished.

Vanquished Creatures (others)
  2 plants (D:2)
2 creatures vanquished.

Grand Total: 132 creatures vanquished

Notes
Turn   | Place    | Note
-------+----------+-------------------------------------------
     0 | D:1      | JimmyWheeler the Spriggan Enchanter began the quest for the
                  | Orb.
     0 | D:1      | Reached XP level 1. HP: 9/9 MP: 5/5
   211 | D:1      | Reached XP level 2. HP: 9/13 MP: 4/6
   396 | D:1      | Learned a level 2 spell: Ensorcelled Hibernation
   786 | D:2      | Reached XP level 3. HP: 13/16 MP: 2/8
  1082 | D:2      | Reached skill level 5 in Stealth
  1149 | D:2      | Reached XP level 4. HP: 21/21 MP: 9/9
  1641 | D:2      | Found a faded altar of an unknown god.
  1711 | D:2      | Reached skill level 5 in Hexes
  1711 | D:2      | Reached skill level 1 in Ice Magic
  1720 | D:2      | Reached XP level 5. HP: 22/24 MP: 2/10
  1859 | D:2      | Learned a level 3 spell: Confuse
  1993 | D:2      | Learned a level 3 spell: Tukima's Dance
  2665 | D:3      | Found a basalt altar of Yredelemnul.
  2744 | D:4      | Noticed an ogre
  2755 | D:4      | Killed an ogre
  2755 | D:4      | Reached XP level 6. HP: 28/28 MP: 5/12
  2770 | D:4      | Reached skill level 6 in Stealth
  3267 | D:5      | Entered Level 5 of the Dungeon
  3270 | D:5      | Noticed Grinder
  3509 | D:4      | Noticed Natasha
  3965 | D:4      | Reached XP level 7. HP: 30/32 MP: 8/14
  4037 | D:4      | Reached skill level 1 in Fighting
  4194 | D:4      | Killed Natasha
  4383 | D:4      | Noticed Natasha
  4457 | D:4      | Killed Natasha
  4665 | D:4      | Noticed Natasha
  4671 | D:4      | Killed Natasha
  4915 | D:5      | Reached skill level 7 in Stealth
  5013 | D:5      | Reached skill level 5 in Dodging
  5147 | D:5      | Reached skill level 1 in Evocations
  5354 | D:5      | Reached XP level 8. HP: 33/37 MP: 8/15
  5487 | D:5      | Noticed a rakshasa
  5688 | D:5      | Slain by an orc

Vault maps used:
D:1:      mrwooster_arrival_statue
D:2:      chequers_ecumenical_altar_lobes
D:3:      yredelemnul_forgotten_temple_becter
D:4:      uniq_natasha
D:5:      first_ration, nzn_random_ring, uniq_sigmund, uniq_grinder

Skill      XL: |  1  2  3  4  5  6  7  8 |
---------------+-------------------------+-----
Hexes          | 4 5 6 |  6.7
Stealth        | 5 6 7 |  7.5
Short Blades   | 2 3 4 |  4.8
Dodging        | 4 5 |  5.4
Ice Magic      | 1 2 |  2.5
Spellcasting   | 3 4 |  4.3
Fighting       | 1 |  1.2
Evocations     | 1 2 |  2.3

Action                   |  1- 3 |  4- 6 |  7- 9 || total
-------------------------+-------+-------+-------++-------
Melee: Dagger            |    86 |   147 |    98 ||   331
 Cast: Corona            |    21 |    21 |     7 ||    49
       Ensorcelled Hiber |     2 |    52 |    43 ||    97
       Confuse           |       |     9 |    21 ||    30
  Use: Scroll            |       |     9 |     1 ||    10
 Stab: Sleeping          |    19 |    40 |    25 ||    84
       Confused          |       |     4 |     6 ||    10
       Distracted        |       |     1 |       ||     1
  Eat: Ration            |       |     3 |     2 ||     5
Armor: Robe              |    11 |     5 |     5 ||    21
Dodge: Dodged            |    49 |   117 |    78 ||   244

Table legend:
 A = Non-vault XP
 B = Vault XP
 C = Vault XP percentage of total XP
 D = Non-vault monster count
 E = Vault monster count
 F = Vault count percentage of total count
                 A         B        C        D         E       F
            +---------+---------+-------+---------+---------+-------
      Total |    1424 |     272 |  16.0 |     118 |      12 |   9.2
            +---------+---------+-------+---------+---------+-------
        D:1 |      34 |       0 |   0.0 |      20 |       0 |   0.0
        D:2 |     200 |       0 |   0.0 |      34 |       0 |   0.0
        D:3 |      50 |       1 |   2.0 |      22 |       1 |   4.3
        D:4 |     723 |      35 |   4.6 |      28 |       1 |   3.4
        D:5 |     417 |     236 |  36.1 |      14 |      10 |  41.7
            +---------+---------+-------+---------+---------+-------
